 Dungeon Crawl Stone Soup version 0.29.1-2-gbd0b4ee654 (webtiles) character file.

Game seed: 5875592592225806456

7 Godmorgon the Trooper (level 2, 0/24 HPs)
             Began as a Formicid Abyssal Knight on Oct 24, 2022.
             Was a Believer of Lugonu.
             Slain by an endoplasm (2 damage)
             ... on level 1 of the Dungeon.
             The game lasted 00:00:58 (512 turns).

Godmorgon the Trooper (Formicid Abyssal Knight)      Turns: 512, Time: 00:00:59

Health: 0/24       AC:  3    Str: 17    XL:     2   Next: 5%
Magic:  3/3        EV: 11    Int:  9    God:    Lugonu [**....]
Gold:   0          SH:  0    Dex: 14    Spells: 1/1 levels left

rFire   . . .      SeeInvis +   a - +1 mace
rCold   . . .      Faith    .   (no shield)
rNeg    . . .      Spirit   .   b - +0 leather armour
rPois   .          Reflect  .   (helmet unavailable)
rElec   .          Harm     .   (no cloak)
rCorr   .          Rampage  .   (no gloves)
Will    .....                   (no boots)
Stlth   +.........              (no amulet)
HPRegen 0.08/turn               (no ring)
MPRegen 0.08/turn               (no ring)

@: no status effects
A: permanent stasis, dig shafts and tunnels, antennae 3, four strong arms
a: Dig, Shaft Self, Renounce Religion, Depart the Abyss, Bend Space


You were on level 1 of the Dungeon.
You worshipped Lugonu.
Lugonu was pleased with you.
You visited 1 branch of the dungeon, and saw 1 of its levels.
You visited the Abyss 1 time.

Inventory:

Hand Weapons
 a - a +1 mace (weapon)
Armour
 b - a +0 leather armour (worn)
Scrolls
 c - a scroll of teleportation {unknown}


   Skills:
 + Level 3.4 Fighting
 * Level 2.3 Maces & Flails
 - Level 2.1 Armour
 - Level 0.8 Dodging
 + Level 2.4 Invocations


You had one spell level left.
You didn't know any spells.
Your spell library was empty.

Dungeon Overview and Level Annotations

Branches:
Dungeon (1/15)

Altars:


Innate Abilities, Weirdness & Mutations

You cannot be hasted, slowed, berserked, paralysed or teleported.
You can dig through walls and to a lower floor.
You have a pair of large antennae on your head. (SInv)
Your four strong arms can wield two-handed weapons with a shield.


Message History

HP restored.
The endoplasm quivers.
A kobold comes into view. It is wielding a +3 dagger.
The kobold shouts!
The endoplasm hits you but does no damage.
You sock the endoplasm!
You kill the endoplasm!
Lugonu accepts your kill.
You have reached level 2!
An endoplasm comes into view.
The endoplasm quivers.
The kobold hits you with a +3 dagger.
You closely miss the kobold. The kobold barely misses you.
You barely miss the kobold. The kobold closely misses you.
The kobold hits you with a +3 dagger.
You hit the kobold.
The kobold is moderately wounded.
The kobold closely misses you. The endoplasm closely misses you.
You closely miss the kobold.
The kobold is moderately wounded.
The kobold hits you with a +3 dagger.
The endoplasm hits you but does no damage.
You closely miss the kobold.
The kobold is moderately wounded.
The kobold misses you. The endoplasm barely misses you.
The kobold hits you with a +3 dagger. The endoplasm freezes you.
You are frozen.
You closely miss the kobold.
The kobold is moderately wounded.
The kobold hits you with a +3 dagger.
* * * LOW HITPOINT WARNING * * *
The endoplasm hits you.
* * * LOW HITPOINT WARNING * * *
You closely miss the kobold.
The kobold is moderately wounded.
The kobold hits you with a +3 dagger.
* * * LOW HITPOINT WARNING * * *
The endoplasm hits you.
You die...

.........# # ....#.J.# {
... ....... #..##..#.#
#........# #..# ######
#######.## #####..... #
#.....JK# ###.......##
#..#.##...@# ##......###..
#..........# #....###.....
..#.#.....# ##...#......##
#..........###...#.....###
.....#.....#.....#....##
##.###.......#...#....## #
#......##...#.....###
######.###...#......##
#.....#....###.....


You could see an endoplasm and a kobold.

Vanquished Creatures
  An endoplasm (D:1)
  A giant cockroach (D:1)
  A hobgoblin (D:1)
  A quokka (D:1)
  A frilled lizard (D:1)
  A rat (D:1)
6 creatures vanquished.

Notes
Turn   | Place    | Note
-------+----------+-------------------------------------------
     0 | Abyss:1  | Godmorgon the Formicid Abyssal Knight began the quest for
                  | the Orb.
     0 | Abyss:1  | Reached XP level 1. HP: 18/18 MP: 2/2
     1 | D:1      | Escaped the Abyss
   500 | D:1      | Reached XP level 2. HP: 24/24 MP: 3/3
   512 | D:1      | Slain by an endoplasm

Illustrated notes

Levels and vault maps discovered:
D:1:      dpeg_arrival_oval, layout_basic,
          dreamdust_ecumenical_altar_sealed_demon

Action                   || total
-------------------------++-------
Melee: Mace              ||    26
       Punch             ||     1
Armor: Leather armour    ||     8
Dodge: Dodged            ||    12
